 Dungeon Crawl Stone Soup version 0.31-a0-544-gceb718ecc6 (webtiles) character file.

Game seed: 9271884505167836062

162 wazuzu the Sneak (level 5, -1/49 HPs)
             Began as a Naga Fighter on Aug 15, 2023.
             Slain by a hobgoblin (3 damage)
             ... led by Robin
             ... on level 4 of the Dungeon.
             The game lasted 00:04:51 (2687 turns).

wazuzu the Sneak (Naga Fighter)                     Turns: 2687, Time: 00:04:51

Health: -1/49      AC:  5    Str: 20    XL:     5   Next: 43%
Magic:  5/5        EV:  8    Int:  9    God:
Gold:   146        SH:  4    Dex: 10    Spells: 4/4 levels left

rFire   x . .        e - +2 dagger (elec)
rCold   . . .        c - +0 buckler
rNeg    . . .        m - +0 ring mail
rPois   +            t - +1 hat
rElec   .            (no cloak)
rCorr   .            (no gloves)
SInv    +            (no barding)
Will    .....        h - amulet of magic regeneration
Stlth   ++           n - ring of wizardry
HPRegen 0.28/turn    (no ring)
MPRegen 0.49/turn

%: wizardry (x1)
@: mighty, very slow
A: AC +1, large, see invisible, deformed body, poison resistance, slowness 2,
spit poison 2, naga tail 1, horns 1, heat vulnerability 1
a: Breathe Poison Gas


You were on level 4 of the Dungeon.
You visited 1 branch of the dungeon, and saw 4 of its levels.

You collected 146 gold pieces.


Innate Abilities, Weirdness & Mutations

Your serpentine skin is tough. (AC +1)
You have supernaturally acute eyesight. (SInv)
Armour fits poorly on your strangely shaped body.
Your system is resistant to poisons. (rPois)
You cover ground very slowly.
You can exhale a cloud of poison.
You have a snake-like lower body.
You have a pair of small horns on your head.
You are vulnerable to heat. (rF-)


   Skills:
 - Level 3.0 Fighting
 - Level 3.1 Maces & Flails
 + Level 3.0 Armour
 * Level 4.7 Stealth
 + Level 3.3 Shields


You had 4 spell levels left.
You didn't know any spells.
Your spell library contained the following spells:

 Spells                   Type           Power      Damage    Failure   Level
 Call Canine Familiar     Summ           0%         N/A       65%         3
 Portal Projectile        Hex/Tloc       0%         N/A       65%         3
 Leda's Liquefaction      Hex/Erth       0%         N/A       96%         4


Dungeon Overview and Level Annotations

Branches:
Dungeon (4/15)
 Temple: D:4-7

Altars:
Xom

Annotations:
D:4 Robin

Inventory:

Hand Weapons
 a - a +0 flail
 e - a +2 dagger of electrocution (weapon)
Armour
 c - a +0 buckler (worn)
 m - a +0 ring mail (worn)
 t - a +1 hat (worn)
Jewellery
 h - an amulet of magic regeneration (around neck)
 n - a ring of wizardry (left hand)
Wands
 q - a wand of paralysis (7)
Scrolls
 f - 2 scrolls of immolation {unknown}
 g - 4 scrolls of identify {unknown}
 i - a scroll of enchant weapon {unknown}
 j - 3 scrolls of vulnerability {unknown}
 k - a scroll of fear {unknown}
 l - 2 scrolls of teleportation {unknown}
 o - a scroll of enchant armour {unknown}
 p - a scroll of silence {unknown}
 r - a scroll of poison {unknown}

..#. ........# #.#.
##........ ..#.##
#......... #.#..#
#......... ###.##.##
#......... ..#.##..##
#......... #........#
#.........
##...#.#)#########g........
##.#.......))##.@g.........
...####...##...g####.....##
.### #...####### ######
.######...# .....##...#
.....###### .....# .....#
..<..#


You could see Robin, a hobgoblin (strong) and a goblin (strong).


Message History

The goblin no longer looks unusually strong. x2
The goblin hits you but does no damage. x2
You hit the goblin but do no damage.
The goblin is severely wounded.
The goblin hits you but does no damage. The goblin closely misses you.
You hit the goblin but do no damage. Lightning courses through the goblin!
You kill the goblin!
The hobgoblin no longer looks unusually strong.
Robin roars a battlecry!
The goblins go into a battle-frenzy!
You block the goblin's attack.
You barely miss the goblin.
The goblin no longer looks unusually strong.
The hobgoblin completely misses you. The goblin barely misses you.
You hit the goblin. Lightning courses through the goblin!
You kill the goblin!
You block the hobgoblin's attack.
You closely miss the hobgoblin.
The hobgoblin hits you but does no damage.
You hit the hobgoblin but do no damage. You block the hobgoblin's attack.
You hit the hobgoblin.
Lightning courses through the hobgoblin!
You kill the hobgoblin!
You hit the goblin.
The goblin is severely wounded.
The goblin hits you with a +0 dagger.
You hit the goblin.
You kill the goblin!
Robin throws the goblin at you! The goblin hits you but does no damage.
You hit the goblin.
You kill the goblin!
Robin closely misses you. The goblin hits you with a +0 dagger.
You closely miss the goblin. Robin throws the goblin at you!
The goblin hits you with a +0 dagger.
* * * LOW HITPOINT WARNING * * *
You hit the hobgoblin.
The hobgoblin is severely wounded.
Robin hits you from afar with a +0 spear.
* * * LOW HITPOINT WARNING * * *
The goblin hits you with a +0 dagger.
* * * LOW HITPOINT WARNING * * *
The hobgoblin hits you but does no damage.
You closely miss the goblin. Robin barely misses you.
The goblin hits you with a +0 dagger.
* * * LOW HITPOINT WARNING * * *
The hobgoblin closely misses you.
Unknown command.
You barely miss the goblin.
Robin hits you from afar with a +0 spear.
* * * LOW HITPOINT WARNING * * *
The goblin barely misses you.
The hobgoblin hits you but does no damage.
You closely miss the goblin.
Robin hits you from afar with a +0 spear.
* * * LOW HITPOINT WARNING * * *
The goblin hits you with a +0 dagger.
* * * LOW HITPOINT WARNING * * *
You block the hobgoblin's attack.
It was a potion of mutation.
You feel extremely strange.
There is a nasty taste in your mouth for a moment.
You feel vulnerable to heat. A pair of horns grows on your head!
The hobgoblin no longer looks unusually strong.
Robin hits you but does no damage. The goblin barely misses you.
The hobgoblin hits you.
* * * LOW HITPOINT WARNING * * *
You feel very mighty all of a sudden.
Robin roars a battlecry!
The hobgoblin goes into a battle-frenzy!
The goblin hits you but does no damage. The hobgoblin hits you.
You die...

Action                     |  1- 3 |  4- 6 || total
---------------------------+-------+-------++-------
  Melee: Flail             |    19 |       ||    19
         Dagger            |    57 |   115 ||   172
Ability: Spit Poison       |     1 |     2 ||     3
    Use: Potion            |       |     2 ||     2
   Stab: Sleeping          |       |     5 ||     5
 Armour: Scale mail        |    22 |       ||    22
         Ring mail         |     4 |    35 ||    39
  Dodge: Dodged            |    27 |    46 ||    73
  Block: Buckler           |    12 |    21 ||    33

Levels and vault maps discovered:
D:1:      minmay_arrival_stair_chambers, layout_basic, serial_curves,
          eino_curves_02, eino_curves_01, minmay_indecisive_spiral
D:2:      layout_loops_ring, basic_altar, patterned_corridor
D:3:      layout_rooms, uniq_ijyb
D:4:      layout_rooms, uniq_duvessa, uniq_robin

Notes
Turn   | Place    | Note
-------+----------+-------------------------------------------
     0 | D:1      | wazuzu the Naga Fighter began the quest for the Orb.
     0 | D:1      | Reached XP level 1. HP: 21/21 MP: 1/1
    66 | D:1      | Reached XP level 2. HP: 12/28 MP: 2/2
   152 | D:1      | Reached skill level 3 in Maces & Flails
   340 | D:1      | Reached skill level 1 in Stealth
   494 | D:1      | Reached XP level 3. HP: 34/34 MP: 3/3
   669 | D:1      | Reached skill level 2 in Stealth
  1180 | D:2      | Reached skill level 3 in Shields
  1180 | D:2      | Reached XP level 4. HP: 37/42 MP: 4/4
  1185 | D:2      | Reached skill level 3 in Stealth
  1360 | D:2      | Found a shimmering altar of Xom.
  2132 | D:3      | Noticed Ijyb
  2170 | D:3      | Killed Ijyb
  2171 | D:3      | Reached skill level 3 in Armour
  2171 | D:3      | Reached skill level 4 in Stealth
  2171 | D:3      | Reached XP level 5. HP: 37/49 MP: 5/5
  2654 | D:4      | Noticed Robin
  2684 | D:4      | HP: 8/49 [Robin/+0 spear (6)]
  2685 | D:4      | HP: 3/49 [goblin/+0 dagger[Robin] (3)]
  2686 | D:4      | Gained mutation: You can exhale a cloud of poison. [potion
                  | of mutation]
  2686 | D:4      | Gained mutation: You are vulnerable to heat. (rF-) [potion
                  | of mutation]
  2686 | D:4      | Gained mutation: You have a pair of small horns on your
                  | head. [potion of mutation]
  2687 | D:4      | Slain by a hobgoblin

Vanquished Creatures
  Ijyb (D:3)
  2 gnolls (D:1)
  4 adders (D:2)
  2 dart slugs (D:2)
  An orc (D:3)
  4 ball pythons
  3 endoplasms
  4 giant cockroaches
  14 goblins
  12 hobgoblins
  4 jackals (D:1)
  2 quokkas
  2 bats (D:1)
  6 frilled lizards
  5 kobolds
  4 rats
70 creatures vanquished.
